[Event "E World Cup 2023"]
[Site "Chess.com"]
[Date "2023.07.30"]
[Round "1"]
[White "Gurel, Ediz"]
[Black "Ivic, Velimir"]
[Result "1-0"]
[WhiteElo "2500"]
[BlackElo "2590"]
[ECO "C83"]
[EventDate "2023.??.??"]
[Annotator "rafael"]
[PlyCount "55"]
[Beauty "8248082055200"]
[EventType "team-tourn"]
[EventCountry "FID"]
[TimeControl "40/5400+30:1800+30"]

1.e4 e5 2.Nf3 Nc6 3.Bb5 a6 4.Ba4 Nf6 5.O-O Nxe4 6.d4 Be7 $5 {[%c_effect e7;square;e7;type;Interesting;persistent;true] A rare variation of the Ruy Lopez but still played from time to time by super GMs. Gurel will prove to be well-prepared against it.} ( 6...b5 {It's important to notice that the position we will see later in the game can arrive by a more normal move order of the Open Variation after:} 7.Bb3 d5 8.dxe5 Be6 9.c3 Be7 10.Re1 {transposing to the game.} ) 7.Re1 b5 8.Bb3 ( 8.Rxe4 {is the critical move. The main position of this system arrives after} 8...d5 9.Nxe5 Nxe5 10.Rxe5 bxa4 ) 8...d5 9.dxe5 Be6 10.c3 O-O 11.Nbd2 Nc5 ( 11...Nxd2 $6 {[%c_effect d2;square;d2;type;Inaccuracy;persistent;true] is not accurate:} 12.Qxd2 Qd7 13.Qd3 Rad8 14.Bc2 g6 15.Bh6 {with the initiative for White in Carlsen-Mamedyarov, Norway Chess 2018.} ) 12.Nd4 ( 12.Bc2 {is the other popular move.} ) 12...Nxd4 13.cxd4 Nd3 14.Re3 Nxc1 {The best move.} ( 14...Nf4 {was played by Anand, always a seal of quality, but it gives White good chances to fight for the advantage.} 15.Bc2 {I like this move.} ( 15.Nf3 Bg4 16.h3 Bh5 17.Rc3 Ne6 {with chances for both sides in Vachier Lagrave-Anand, Norway Chess 2018.} ) 15...c5 16.Rg3 Bh4 $6 {[%c_effect h4;square;h4;type;Inaccuracy;persistent;true] Here White played an excellent exchange sacrifice:} 17.Nf3 $1 Bxg3 18.hxg3 Ng6 19.dxc5 {with good compensation for the exchange in Almasi-Erdos, Sibenik 2008.} ) 15.Rxc1 a5 {Black needs to create play on the queenside and avoid a future Nb3-c5.} 16.Rec3 {A good move. The rook on c3 is useful to fight against the break c7-c5.} ( 16.Nf3 {is not enough for an advantage:} 16...a4 17.Bc2 a3 18.b3 Rc8 19.Bd3 c5 20.dxc5 Bxc5 21.Re2 Qb6 {with equal play in Yu-Sevian, St. Louis 2022.} ) ( 16.a4 Rb8 17.axb5 Rxb5 18.Nf3 Qb8 {with counterplay for Black in Shirov-Anton Guijarro, Marbella 2019.} ) 16...a4 {This natural move is a novelty.} ( 16...Rc8 17.Nf3 a4 18.Bc2 {was played in Lagno-Muzychuk, Khanty-Mansiysk 2018.} ) 17.Bc2 {The sacrifice on h7, followed by a queen check on h5 and a rook move through the third rank, is looming on the horizon.} 17...a3 $6 ( 17...b4 {This move is better and has a fantastic idea. It seems to be simply blundering a pawn, as White can take on c7.} 18.Rxc7 ( 18.Rc6 {is more accurate. After} 18...Bd7 {White can force a draw or sacrifice the exchange.} 19.Bxa4 ( 19.Qh5 g6 ( 19...h6 $6 20.Rxh6 $1 gxh6 21.Qxh6 f5 {Here White can play for more than a draw:} 22.exf6 ( 22.Qg6+ ) 22...Rxf6 23.Qh7+ Kf8 24.Nf3 $1 {[%c_effect f3;square;f3;type;GreatFind;persistent;true] with a dangerous initiative.} ) 20.Rxg6+ fxg6 21.Bxg6 hxg6 22.Qxg6+ {with perpetual check.} ) 19...Bxc6 ( 19...Bg5 {The machine prefers to start with this move:} 20.b3 Bxc6 21.Rxc6 ) 20.Rxc6 {with enough compensation for the exchange in a balanced position.} ) 18...b3 $3 {[%c_effect b3;square;b3;type;Brilliant;persistent;true] This is the point.} ( 18...Qxc7 $2 19.Bxh7+ ) 19.Bb1 ( 19.axb3 a3 $1 {[%c_effect a3;square;a3;type;GreatFind;persistent;true] Suddenly White realizes that the rook on c7 is not very stable: If} 20.bxa3 Bxa3 {Black wins the exchange.} ) 19...bxa2 20.Bxa2 a3 21.bxa3 Bxa3 22.R1c2 Bf5 {with good counterplay for Black.} ) 18.bxa3 Bxa3 $6 ( 18...Rxa3 {It's better to capture with the rook to distract White's attack.} 19.Bb3 ( 19.Rxc7 Rxa2 ) 19...Ra7 {with an acceptable position.} ) 19.Rb1 c5 $2 {[%c_effect c5;square;c5;type;Mistake;persistent;true] I think Black's position is already somewhat dangerous, but the move played makes it worse.} ( 19...Qd7 {It's possible to defend the b-pawn with a slight advantage for White.} ) ( 19...Be7 20.Rxb5 g6 ( 20...Rxa2 $2 {[%c_effect a2;square;a2;type;Mistake;persistent;true] loses to} 21.Bxh7+ Kxh7 22.Qb1+ ) 21.a4 {with a pawn up for White.} ) ( 19...g6 20.Rxb5 c5 $1 {[%c_effect c5;square;c5;type;GreatFind;persistent;true] In order to survive, Black needs to play very energetically and sacrifice some pawns in many variations.} 21.dxc5 Ra5 $1 22.Qe2 Rxb5 23.Qxb5 Qg5 $1 {[%c_effect g5;square;g5;type;GreatFind;persistent;true] with compensation for the pawns in this complicated position.} ) 20.dxc5 {A simple and good move, but there's an alternative.} ( 20.Rbb3 $5 {[%c_effect b3;square;b3;type;Interesting;persistent;true] This is a brutal and interesting move, preparing to sacrifice the bishop and bring a protected rook to h3.} 20...Bb4 21.Bxh7+ $1 Kxh7 22.Qh5+ Kg8 23.Rh3 f6 $1 {[%c_effect f6;square;f6;type;GreatFind;persistent;true] The only defense.} ( 23...Bxh3 $2 24.Rxh3 f6 25.e6 {ends with mate.} ) ( 23...f5 $2 24.Rbg3 {also mates.} ) 24.Qh7+ Kf7 25.Rhg3 $1 Rg8 26.exf6 Qxf6 27.Rgf3 $1 Bxd2 28.Rxf6+ Kxf6 29.Qc2 $1 Bf4 30.g3 {White keeps the initiative in this imbalanced position.} ) 20...d4 ( 20...Qe7 $5 {[%c_effect e7;square;e7;type;Interesting;persistent;true] This move is suggested by the machine, and it's a very difficult move for a human.} 21.Rxb5 Rfc8 ) 21.Rg3 Bxc5 $2 {[%c_effect c5;square;c5;type;Mistake;persistent;true] This allows a brilliant combination.} ( 21...d3 $1 {[%c_effect d3;square;d3;type;GreatFind;persistent;true] This creative move is the best chance.} 22.Rxd3 ( 22.Bxd3 Bxc5 {Here the sacrifice is no longer so good:} 23.Bxh7+ Kxh7 24.Qh5+ Kg8 25.Ne4 ( 25.Qh6 Bxf2+ $3 26.Kxf2 Qd4+ {with counterplay.} ) 25...Bxf2+ $1 26.Nxf2 Ra4 {White has no way to deliver a mating attack.} ) 22...Qc7 {with some chances to save the game.} ) 22.Bxh7+ $3 {[%c_effect h7;square;h7;type;Brilliant;persistent;true] The Greek gift strikes again $1} 22...Kxh7 23.Qh5+ ( {Of course not} 23.Qc2+ $2 d3 24.Qxc5 Rxa2 {with equality.} ) 23...Kg8 24.Qh6 ( 24.Ne4 Be7 25.Qh6 {transposes to the game.} ) 24...g6 25.Ne4 Be7 26.Rf3 $1 {[%c_effect f3;square;f3;type;GreatFind;persistent;true] This brilliant move is the real idea of the sacrifice. Black cannot avoid Nf6+.} 26...Bf5 27.Rxf5 $1 Ra6 ( 27...gxf5 28.Nf6+ Bxf6 29.exf6 {wins.} ) 28.Rf3 {There's no defense against 29.Rh3. Gurel, just 14 years old, shows that he has the potential to join the elite in the coming years.} 1-0

[Event "E World Cup 2023"]
[Site "Chess.com"]
[Date "2023.07.31"]
[Round "1"]
[White "Kobo, Ori"]
[Black "Dragnev, Valentin"]
[Result "1/2-1/2"]
[WhiteElo "2548"]
[BlackElo "2576"]
[ECO "E06"]
[EventDate "2023.??.??"]
[Annotator "rafael"]
[PlyCount "319"]
[Beauty "2063194968130"]
[EventType "team-tourn"]
[EventCountry "FID"]
[TimeControl "40/5400+30:1800+30"]

1.c4 e6 2.g3 d5 3.Bg2 Nf6 4.Nf3 Be7 5.O-O O-O 6.d4 c6 7.Nc3 a5 {A curious move that is quite popular these days. The pawn advance can be useful in case of a plan with ...b6-Ba6.} 8.Ne5 ( 8.b3 b6 ) 8...Nbd7 ( 8...Nfd7 $1 {[%c_effect d7;square;d7;type;GreatFind;persistent;true] is probably more accurate.} ) 9.Bf4 ( 9.e4 {is a critical attempt to gain an opening advantage. Kobo needed to win, so he probably didn't want to allow exchanges.} 9...dxe4 ( 9...dxc4 {is also possible, although White is slightly better after} 10.Nxc4 b5 11.Ne3 b4 12.Na4 Ba6 13.Re1 ) 10.Nxe4 Nxe4 11.Bxe4 f5 $1 12.Nxd7 Qxd7 13.Bg2 Bf6 14.Be3 e5 {with good chances to achieve equality.} ) 9...Nh5 {A typical idea: the knight attacks the bishop and then goes back.} ( 9...Nxe5 10.dxe5 Nd7 11.cxd5 exd5 12.e4 {with the advantage for White.} ) ( 9...dxc4 $5 10.Nxc4 Nd5 ) 10.Be3 Nhf6 11.h3 {Of course White is in no mood to repeat moves.} 11...Nxe5 $6 {[%c_effect e5;square;e5;type;Inaccuracy;persistent;true] The wrong plan of action.} ( 11...dxc4 $1 12.Nxc4 Nd5 {with the idea of playing ...b5-Qb6.} ) 12.dxe5 Nd7 13.f4 ( 13.cxd5 $1 {[%c_effect d5;square;d5;type;GreatFind;persistent;true] is more accurate:} 13...exd5 ( 13...Nxe5 $2 14.dxc6 {with a big advantage with the powerful bishops.} ) ( 13...cxd5 14.Bd4 {Compared to the game, White didn't need to waste time with f2-f4 and is ready to break on e4.} ) 14.f4 {White's plan is Bf2 followed by e2-e4.} ) 13...b6 ( 13...dxc4 {is possible, but White has compensation after} 14.Ne4 ) 14.cxd5 cxd5 15.Bd4 Ba6 16.Rf2 {Preparing e2-e4.} 16...Nc5 ( 16...Rc8 {is also possible. If White continues his idea, then after} 17.e4 dxe4 18.Nxe4 Nc5 {Black's position is acceptable.} ) 17.f5 $5 {[%c_effect f5;square;f5;type;Interesting;persistent;true] An interesting move, changing the pawn structure.} 17...exf5 18.Rxf5 Bc8 19.Rf2 Bb7 $6 ( 19...Be6 {The bishop is better placed here.} ) 20.e3 Qd7 21.Kh2 {A possible plan for White is h4 followed by Bh3.} 21...Qe6 22.Ne2 {The knight goes to f4.} ( 22.h4 {is also possible.} ) 22...Ne4 23.Bxe4 dxe4 24.Nf4 Qh6 25.Qb3 {Black's position is not easy to play, but still defensible.} 25...Bd8 $2 ( 25...a4 26.Qxb6 Qxb6 27.Bxb6 a3 {with good drawing chances in the endgame.} ) ( 25...Rac8 26.Qxb6 ( 26.e6 fxe6 27.Qxb6 Bd5 {Black survives.} ) ( 26.Raf1 Ba6 $1 ) 26...Qxb6 27.Bxb6 Bc5 28.Bxc5 Rxc5 {with only a slight advantage for White.} ) 26.Raf1 ( 26.e6 $1 {[%c_effect e6;square;e6;type;GreatFind;persistent;true] is even better:} 26...fxe6 27.Raf1 $1 {[%c_effect f1;square;f1;type;GreatFind;persistent;true] The pawn on e6 will be captured and White wins.} ) 26...a4 27.Qc4 $6 ( 27.Qb4 {is correct.} 27...Bg5 28.Qxb6 Qxb6 29.Bxb6 {with some winning chances.} ) 27...Ba6 $2 {[%c_effect a6;square;a6;type;Mistake;persistent;true] This loses a pawn and surprisingly there's no way to exploit the discovered attack.} ( 27...Bg5 $1 {[%c_effect g5;square;g5;type;GreatFind;persistent;true] is better and Black has nothing to worry.} ) 28.Qxa4 Bg5 ( 28...g5 {This tactical attempt doesn't work because of} 29.Rg1 $1 ( 29.Ne2 Qxh3+ $1 30.Kxh3 Bc8+ {gives some hope for Black.} ) 29...gxf4 30.gxf4+ Kh8 31.e6+ f6 32.Qd7 {with a winning attack.} ) 29.Rc1 Bxf4 30.gxf4 Qh4 31.Qc2 $1 {[%c_effect c2;square;c2;type;GreatFind;persistent;true] White is a pawn up and Black's position quickly deteriorates.} 31...Rad8 32.Qd2 Bc8 33.f5 $1 Qh5 34.Rcf1 {White is completely winning.} 34...Rfe8 35.Qe1 ( 35.Qb4 {is more active.} ) 35...g6 36.Bxb6 ( 36.Qb4 {is again interesting.} 36...Bxf5 $6 ( 36...Rxd4 37.Qxd4 Bxf5 38.Rxf5 gxf5 39.Rg1+ Kf8 40.Qd6+ Re7 41.Rg2 {Avoiding the check on e2 and keeping a winning position.} ) 37.Rxf5 gxf5 38.Rg1+ {with a winning advantage.} ) 36...Rd3 37.e6 ( 37.Bd4 {leads to a difficult win after} 37...Bxf5 38.Rxf5 gxf5 39.Rg1+ Kh8 40.e6+ Rxd4 41.Qa5 $3 {[%c_effect a5;square;a5;type;Brilliant;persistent;true] Threateing a deadly check on e5.} 41...f6 42.exd4 ) 37...fxe6 38.fxg6 e5 $2 ( 38...hxg6 {is the only chance.} ) 39.gxh7+ Kxh7 40.Rf7+ Kh8 41.Rf8+ Kh7 42.R8f7+ Kh8 43.Qg3 Rd2+ 44.Kg1 Qxf7 $5 ( 44...Rg8 45.Rf8 {wins.} ) 45.Rxf7 Rg8 46.Qxg8+ {A natural reaction, going for a winning endgame.} ( 46.Rf8 {is even better:} 46...Rxf8 ( 46...Rd1+ 47.Kh2 Rd2+ ( 47...Rxf8 48.Qxe5+ Kg8 49.Qg5+ Kf7 50.Qh5+ {picks up the rook.} ) 48.Rf2 Rxg3 49.Kxg3 {with an easy win.} ) 47.Qxe5+ Kg8 48.Qh5 {Black has no checks and the bishop is ready to go to d4.} ) 46...Kxg8 47.Rf2 Rd6 48.Bc5 Rc6 49.b4 {The passed pawns are too strong.} 49...Bxh3 50.Kh2 Bg4 51.Rg2 Rg6 52.b5 Kf7 53.Ba7 ( 53.Rxg4 $1 {[%c_effect g4;square;g4;type;GreatFind;persistent;true] finishes the game in style:} 53...Rxg4 54.Ba7 $1 Ke6 55.b6 Rg7 56.a4 Kd6 57.a5 Kc6 58.a6 {followed by b6-b7.} ) 53...Bd7 54.Rb2 Rh6+ 55.Kg1 Rg6+ 56.Kf2 Rh6 57.Rb4 ( 57.Kf1 {is also good.} ) 57...Bxb5 ( 57...Rh2+ 58.Kg3 Rxa2 59.b6 ) 58.Rxb5 Rh2+ 59.Kg3 Rxa2 60.Bb6 {To be honest, many players would just resign in this position as Black (this is my case). As Dragnev shows, nobody ever saves a game by resigning.} 60...Ra6 61.Bc7 ( 61.Kg4 {This is the simplest. The pawns will quickly fall. I'm not sure why Kobo sends the king to the other side of the board.} ) 61...Ra3 62.Kf2 Ra2+ 63.Ke1 Ra1+ 64.Kd2 Ra2+ 65.Kd1 Ra3 66.Kd2 Ra2+ 67.Kc3 Re2 68.Bb6 Ke6 69.Rb2 Re1 70.Kc4 Rc1+ 71.Kb5 Rf1 72.Kc6 Rc1+ 73.Bc5 Rc3 74.Rh2 Rd3 75.Rh8 Rc3 76.Re8+ Kf5 {The evaluation hasn't changed: the position is still winning.} 77.Kb5 ( 77.Kd6 {is good enough:} 77...Rd3+ 78.Ke7 Rc3 79.Rf8+ Kg4 80.Kd6 {Followed by picking the pawns.} ) 77...Kf6 78.Kb4 Rd3 79.Kc4 Rd1 80.Bb6 Rd6 81.Kc5 Rd3 82.Kc6 Kf5 83.Rd8 Rb3 84.Rd6 Rd3 85.Kd7 Rb3 86.Ke7 Rb5 87.Rf6+ Kg4 88.Kf7 Kg5 89.Kg7 Rb3 90.Ba7 Rb7+ 91.Rf7 Rb3 92.Kf8 Ra3 93.Bc5 Rc3 94.Bb6 Rb3 95.Ba7 Ra3 96.Re7 $2 ( 96.Bc5 Rc3 97.Rc7 {This is still winning easily.} ) 96...Kf6 97.Rc7 Rd3 $2 ( 97...Ra6 $1 {[%c_effect a6;square;a6;type;GreatFind;persistent;true] is more stubborn, avoiding a check on the sixth rank. Suddenly it's not clear whether White can win.} ) 98.Rc6+ Kf5 99.Ke7 Ra3 100.Bb6 Rb3 101.Rh6 Rb5 102.Bc7 $2 ( 102.Rd6 {is the right way, for instance:} 102...Rb3 103.Bc5 $1 Rb5 104.Rd5 $1 Rb7+ 105.Kd6 ) 102...Rb3 103.Rf6+ Kg4 104.Ke6 {Kobo decides to try his luck in a theoretically drawn endgame.} ( 104.Bb6 Kg5 {According to the computer, White cannot win this position anymore.} ) 104...Rxe3 105.Kxe5 Rf3 106.Rg6+ Kh5 107.Rg1 e3 108.Ke4 Rf7 109.Bf4 e2 110.Kf3 e1=Q 111.Rxe1 {Once, in 2002, I asked legendary trainer Mark Dvoretsky to teach me how to play the rook and bishop versus rook endgame. He told me that it was very simple and showed me two defensive positions and Philidor's winning method. A short time later I forgot about everything he showed me and was left with the conviction that Philidor is the greatest genius in the history of chess, as he analyzed this endgame with incredible accuracy and probably without a computer, as he did it in the 18th century. I feel less bad seeing this ending routinely screwed up by grandmasters—probably it isn't that easy for someone who isn't Philidor.} 111...Kg6 112.Kg4 Rf6 113.Be5 Ra6 114.Re4 Rb6 115.Bd4 Rb1 116.Kf4 Rf1+ 117.Ke5 Rf5+ 118.Ke6 Ra5 119.Be5 Ra6+ 120.Bd6 Kg5 121.Rd4 Rb6 122.Rd3 Ra6 123.Rg3+ Kh4 124.Rg1 Rb6 125.Ke5 Ra6 126.Kf4 Kh3 $2 {[%c_effect h3;square;h3;type;Mistake;persistent;true] Mistakes are inevitable, although my fellow Brazilian GMs Vescovi and Fier boast of playing this endgame with precision and always getting the best results. I need to check their stats in the database to see if that's true or if they're just talking to impress me.} ( 126...Ra4+ ) 127.Kf3 $1 Kh4 128.Bf4 Kh5 129.Rg5+ Kh4 130.Rd5 $2 ( 130.Rf5 {wins nicely. It would be a great irony of fate if Black lost a theoretical endgame after managing to work miracles throughout the game.} 130...Ra3+ 131.Be3 Rb3 132.Ra5 $1 ( 132.Rf6 $2 Rb5 ) 132...Rd3 ( 132...Rc3 133.Ra6 $1 ) 133.Ra4+ Kh3 ( 133...Kh5 134.Ra6 ) 134.Ra6 {and there's no defense against mate.} ) 130...Rf6 $1 {[%c_effect f6;square;f6;type;GreatFind;persistent;true] In the resulting moves White is not able to create any danger.} 131.Rc5 Rf7 132.Rc6 Rf5 133.Rh6+ Rh5 134.Rg6 Ra5 135.Rb6 Rc5 136.Rg6 Ra5 137.Rc6 Rb5 138.Rc1 Kh5 139.Rg1 Ra5 140.Ke4 Ra8 141.Rg5+ Kh4 142.Rg7 Rc8 143.Be5 Rf8 144.Rg6 Kh5 145.Rg2 Rf7 146.Bf4 Ra7 147.Kf3 Ra5 148.Rg8 Rb5 149.Ke4 Rb7 150.Be5 Rf7 151.Kd5 Rf5 152.Ke6 Rg5 153.Rh8+ Kg4 154.Bf6 Rh5 155.Rb8 Ra5 156.Rb4+ Kf3 157.Be5 Ra8 158.Kf5 Rf8+ 159.Bf6 Re8 160.Rb3+ {A dramatic game.} 1/2-1/2